AoeStats
← 知耻而后勇喜笑颜开

Arabia

509555722Analyzed
1v1 RM · 5d ago on Sep 27, 2026· 45m 27s· 2 players
Game mode
Random Map
Map size
Tiny (2 player)
Population
200
Speed
Normal
Resources
Standard
Victory
Conquest
Starting age
Dark Age
Ending age
Imperial Age
RankedLock teamsTeams togetherTeam positionsShared explorationLock speedFull tech treeHidden civsTurbo modeCheats
Victory
Defeat
🇫🇷 Malay · France
1486
+15
1460
-15
知耻而后勇喜笑颜开
5:38 Loom
8:45 Feudal Age
8:42 Loom
9:19 Double-Bit Axe
9:20 Town Watch
10:36 Wheelbarrow
12:11 Fletching
12:09 Horse Collar
20:22 Castle Age
19:30 Gold Mining
20:11 Scale Barding Armor
20:19 Bloodlines
20:57 Forging
21:15 Bow Saw
21:06 Heavy Plow
24:01 Fervor
24:34 Hand Cart
25:53 Stone Mining
26:53 Gold Shaft Mining
29:15 Husbandry
29:27 Bodkin Arrow
29:23 Treadmill Crane
34:02 Imperial Age
32:13 Ballistics
33:58 Chain Barding Armor
35:48 Conscription
35:45 Masonry
36:10 Bracer
36:59 Block Printing
37:27 Iron Casting
38:10 Plate Barding Armor
37:54 Devotion
37:45 Heavy Camel Rider
39:57 Guilds
40:54 Chemistry
41:00 Timurid Siegecraft
41:12 Murder Holes
41:36 Silk Armor
43:48 Guard Tower
44:03 Elite Keshik
45:10 Siege Engineers
vnct
6:51 Loom
9:30 Feudal Age
9:52 Double-Bit Axe
19:53 Castle Age
19:28 Fletching
19:39 Padded Archer Armor
19:59 Bow Saw
21:57 Husbandry
24:36 Wheelbarrow
27:02 Light Cavalry
28:46 Forging
33:04 Imperial Age
31:30 Scale Barding Armor
32:01 Iron Casting
36:53 Blast Furnace
37:46 Pikeman
38:27 Squires
38:56 Town Watch
42:26 Conscription
Connection lost

Rejoining the realm…

Still unreachable

The connection could not be restored.

Session expired

The server has moved on; the page needs a fresh start.